 Dungeon Crawl Stone Soup version 0.29-a0-369-gd956c00756 (webtiles) character file.

Game seed: 5551455026504119955

79 spaghetti the Digger (level 4, -5/30 HPs)
             Began as a Formicid Earth Elementalist on May 1, 2022.
             Was a Follower of Sif Muna.
             Killed from afar by a white imp (10 damage)
             ... with a puff of frost
             ... summoned by Natasha
             ... on level 2 of the Dungeon.
             The game lasted 00:04:02 (2140 turns).

spaghetti the Digger (Formicid Earth Elementalist)  Turns: 2140, Time: 00:04:03

Health: -5/30      AC:  2    Str: 12    XL:     4   Next: 64%
Magic:  1/7        EV: 12    Int: 17    God:    Sif Muna [*.....]
Gold:   51         SH:  0    Dex: 11    Spells: 3/7 levels left

rFire   . . .      SeeInvis +   c - +0 dagger {short}
rCold   . . .      Faith    .   (no shield)
rNeg    . . .      Spirit   .   b - +0 robe
rPois   .          Reflect  .   (helmet unavailable)
rElec   .          Harm     .   (no cloak)
rCorr   .          Rampage  .   (no gloves)
Will    .....                   (no boots)
Stlth   ++........              (no amulet)
HPRegen 0.10/turn               (no ring)
MPRegen 0.10/turn               (no ring)

@: very slightly contaminated
A: permanent stasis, dig shafts and tunnels, antennae 3, four strong arms
a: Dig, Shaft Self, Renounce Religion, Channel Magic


You were on level 2 of the Dungeon.
You worshipped Sif Muna.
Sif Muna was aware of your devotion.
You visited 1 branch of the dungeon, and saw 2 of its levels.

You collected 51 gold pieces.


Innate Abilities, Weirdness & Mutations

You cannot be hasted, slowed, berserked, paralysed or teleported.
You can dig through walls and to a lower floor.
You have a pair of large antennae on your head. (SInv)
Your four strong arms can wield two-handed weapons with a shield.


   Skills:
 - Level 1.7 Dodging
 - Level 2.4 Stealth
 - Level 2.1 Spellcasting
 * Level 0.5 Conjurations
 - Level 1.1 Transmutations
 - Level 5.0 Earth Magic
 + Level 3.0 Invocations


You had 3 spell levels left.
You knew the following spells:

 Your Spells              Type           Power      Damage    Failure   Level
a - Sandblast             Erth           36%        2d10      2%          1
b - Stone Arrow           Conj/Erth      22%        3d8       19%         3

Your spell library contained the following spells:

 Spells                   Type           Power      Damage    Failure   Level
 Passwall                 Tmut/Erth      10%        N/A       9%          2
 Corpse Rot               Necr/Air       2%         N/A       28%         2
 Petrify                  Tmut/Erth      12%        N/A       47%         4
 Dispel Undead            Necr           1%         3d6       88%         4
 Death Channel            Necr           0%         N/A       100%        6

Inventory:

Hand Weapons
 c - a +0 dagger (weapon) {short}
   (You took it off an orc on level 2 of the Dungeon)
 f - a +0 whip {mace}
   (You found it on level 1 of the Dungeon)
 g - a +0 spear {polearm}
   (You took it off a gnoll on level 1 of the Dungeon)
 k - a +0 club {mace}
   (You found it on level 2 of the Dungeon)
 l - a +0 club {mace}
   (You took it off a goblin on level 2 of the Dungeon)
 m - a +0 club {mace}
   (You took it off a goblin on level 2 of the Dungeon)
 n - a +0 dagger {short}
   (You found it on level 1 of the Dungeon)
Armour
 b - a +0 robe (worn)
Scrolls
 d - a scroll of immolation {!r!r}
 e - a scroll of summoning {unknown}
 i - 2 scrolls of identify {unknown}
 p - a scroll of fear {unknown}
 q - a scroll of teleportation {unknown}
Potions
 o - a potion of might {unknown}

Dungeon Overview and Level Annotations

Branches:
Dungeon (2/15)

Altars:
Sif Muna

Annotations:
D:2 Natasha

.. . ... .. # #.#
... #. ... ...
#.# #.# #.. .
#........# .#
#.#.#.#.##..# #
#...5h.....$.
{#.#.#.#@#.#...#
##.#....55...###
#....#.#.#.#....
#.......)..# ##
###...#.#.#.####
#................
#.#...#<#.#.#####
#..........#
#.....#.#.#.##


You could see Natasha, 2 white imps and a shadow imp (summoned).


Message History

Aiming: Stone Arrow (quite dangerous; 19% risk of failure)
Press: ? - help, Shift-Dir - straight line, f - rat
Aim: a rat (asleep, 100% to hit)
The stone arrow hits the rat!
You kill the rat!
Sif Muna accepts your kill. 😎 MP[-3]
You lost 3 mp, and now have 4/7 mp.
Natasha, Servant of Life and Death comes into view. 😎 MP[+1] Natasha hisses angrily.
Natasha stares at you and mumbles some strange words.
You resist with some effort.
Casting: Stone Arrow (quite dangerous; 19% risk of failure)
Confirm with . or Enter, or press ? or * to list all spells.
The spell is quite dangerous to miscast (19% risk of failure)!
Continue anyway?
Aiming: Stone Arrow (quite dangerous; 19% risk of failure)
Press: ? - help, Shift-Dir - straight line, f - Natasha
Aim: Natasha (60% to hit)
You miscast Stone Arrow.
You are very lightly contaminated with residual magic.
Nothing appears to happen. 😎 MP[-2]
You lost 2 mp, and now have 3/7 mp.
Casting: Stone Arrow (quite dangerous; 19% risk of failure)
Confirm with . or Enter, or press ? or * to list all spells.
The spell is quite dangerous to miscast (19% risk of failure)!
Continue anyway?
Aiming: Stone Arrow (quite dangerous; 19% risk of failure)
Press: ? - help, Shift-Dir - straight line, f/p - Natasha
Aim: Natasha (60% to hit)
You miscast Stone Arrow.
Nothing appears to happen.
Natasha stares at you and mumbles some strange words.
The magic dart hits you! 😮 HP[-8] MP[-3]
You take 8 damage, and now have 22/30 hp.
MASSIVE DAMAGE!! (PAUSE)
You lost 3 mp, and now have 0/7 mp.
Natasha wildly gestures.
You feel troubled.
Natasha mumbles some strange words.
You hit Natasha but do no damage. Natasha closely misses you.
The white imp closely misses you.
Unknown command.
You hit Natasha. Natasha barely misses you.
The white imp hits you but does no damage. 😕 HP[+1]
You hit Natasha.
Natasha casts a spell.
The white imp barely misses you.
You hit Natasha. Natasha claws you.
The white imp hits you but does no damage. 😮 HP[-5]
You take 5 damage, and now have 18/30 hp.
You closely miss Natasha. Natasha closely misses you. The white imp hits you.
The white imp freezes you.
* * * LOW HITPOINT WARNING * * *
😨 HP[-4]
You take 4 damage, and now have 14/30 hp.
You hit Natasha. Natasha claws you.
* * * LOW HITPOINT WARNING * * *
The white imp barely misses you. x2 😨 HP[-4]
You take 4 damage, and now have 10/30 hp.
You hit Natasha but do no damage.
Natasha casts a spell.
The white imp gestures at you. The puff of frost hits you.
* * * LOW HITPOINT WARNING * * *
The white imp barely misses you. 😱 HP[-6]
You take 6 damage, and now have 4/30 hp.
You aren't carrying any items that you can evoke.
It was a potion of heal wounds.
You feel much better.
Natasha growls.
Natasha stares at you and mumbles some strange words.
The magic dart hits you. The shadow imp gestures at you.
You barely resist. The white imp gestures at you. The puff of frost hits you!
The white imp hits you. The white imp freezes you.
* * * LOW HITPOINT WARNING * * *
😨 HP[+8] MP[+1]
You regained 8 hp, and now have 12/30 hp.
You feel much better. Natasha closely misses you.
The white imp gestures at you. The puff of frost hits you.
The shadow imp closely misses you.
The white imp barely misses you. 😕 HP[+12]
You regained 12 hp, and now have 24/30 hp.
It was a potion of haste.
Your stasis prevents you from being hasted.
Natasha claws you!
* * * LOW HITPOINT WARNING * * *
The white imp gestures at you. The puff of frost hits you!
* * * LOW HITPOINT WARNING * * *
The shadow imp barely misses you. The white imp gestures at you.
The puff of frost hits you!
You die...

Skill      XL: |  1  2  3  4 |
---------------+-------------+-----
Earth Magic    | 4 5 |  5.0
Invocations    | 1 2 3 |  3.0
Dodging        | |  1.7
Stealth        | |  2.4
Spellcasting   | |  2.1
Conjurations   | |  0.5
Transmutations | |  1.1

Action                   |  1- 3 |  4- 6 || total
-------------------------+-------+-------++-------
Melee: Unarmed           |     1 |       ||     1
       Dagger            |       |    19 ||    19
 Cast: Sandblast         |    27 |     3 ||    30
       Stone Arrow       |       |    11 ||    11
  Use: Potion            |     1 |     4 ||     5
 Stab: Invisible         |       |     1 ||     1
Armor: Robe              |     3 |     6 ||     9
Dodge: Dodged            |    12 |    23 ||    35

Levels and vault maps discovered:
D:1:      wheals_arrival_linesprint, layout_basic,
          hellmonk_ecumenical_altar_blasted, skrybe_limestone_x,
          nicolae_figureground_pulse
D:2:      minmay_evil_eye, layout_basic, st_stairs_12, minmay_pentomino_z4,
          uniq_natasha

Notes
Turn   | Place    | Note
-------+----------+-------------------------------------------
     0 | D:1      | spaghetti the Formicid Earth Elementalist began the quest
                  | for the Orb.
     0 | D:1      | Reached XP level 1. HP: 13/13 MP: 3/3
     0 | D:1      | magus.rc [v1.9.6]
    64 | D:1      | You pick up a book of Decay and begin reading...
    64 | D:1      | You add the spells Corpse Rot, Dispel Undead and Death
                  | Channel to your library.
    65 | D:1      | Found a faded altar of an unknown god.
    74 | D:1      | Prayed at the altar of an unknown god.
    74 | D:1      | Became a worshipper of Sif Muna the Loreminder
    74 | D:1      | Reached * piety under Sif Muna
    98 | D:1      | Reached skill level 4 in Earth Magic
    98 | D:1      | Reached skill level 1 in Invocations
    98 | D:1      | Reached XP level 2. HP: 19/19 MP: 1/5
   414 | D:1      | You fall into a shaft and drop 1 floor!
   441 | D:2      | Reached XP level 3. HP: 16/24 MP: 2/6
   609 | D:2      | Reached skill level 2 in Invocations
   775 | D:2      | You pick up a book of Geomancy and begin reading...
   837 | D:2      | Noticed Natasha
   842 | D:2      | Killed Natasha
   843 | D:2      | Reached XP level 4. HP: 26/30 MP: 4/7
   884 | D:1      | Reached skill level 5 in Earth Magic
  1000 | D:1      | Learned a level 3 spell: Stone Arrow
  1345 | D:1      | magus.rc [v1.9.6]
  1919 | D:1      | Reached skill level 3 in Invocations
  2125 | D:2      | Noticed Natasha
  2137 | D:2      | HP: 4/30 [white imp/puff of frost[Natasha] (6)]
  2140 | D:2      | Killed from afar by a white imp

Vanquished Creatures
  Natasha (D:2)
  An adder (D:2)
  A gnoll (D:1)
  2 worms
  An orc (D:2)
  3 ball pythons
  4 endoplasms
  2 goblins (D:2)
  2 hobgoblins
  A jackal (D:2)
  2 kobolds
  2 quokkas (D:1)
  4 bats
  A frilled lizard (D:1)
  4 rats
31 creatures vanquished.

Table legend:
 A = Non-vault XP
 B = Vault XP
 C = Vault XP percentage of total XP
 D = Non-vault monster count
 E = Vault monster count
 F = Vault count percentage of total count
                 A         B        C        D         E       F
            +---------+---------+-------+---------+---------+-------
      Total |      67 |      47 |  41.2 |      24 |       7 |  22.6
            +---------+---------+-------+---------+---------+-------
        D:1 |      39 |       5 |  11.4 |      17 |       1 |   5.6
        D:2 |      28 |      42 |  60.0 |       7 |       6 |  46.2
            +---------+---------+-------+---------+---------+-------

Illustrated notes

Table legend:
 A = Kills in this place as a percentage of kills in entire the game.
 B = Kills by you in this place as a percentage of kills by you in the entire game.
 C = Kills by friends in this place as a percentage of kills by friends in the entire game.
 D = Other kills in this place as a percentage of other kills in the entire game.
 E = Experience gained in this place as a percentage of experience gained in the entire game.
 F = Experience gained in this place divided by the number of levels of this place that you have seen.
                   A       B       C       D       E      F
               +-------+-------+-------+-------+-------+----------------------
         Total | 100.0 | 100.0 |   N/A |   N/A | 100.0 |  57.0
       Dungeon | 100.0 | 100.0 |   N/A |   N/A | 100.0 |  57.0
               +-------+-------+-------+-------+-------+----------------------

Table legend: (Time is in decaauts)
 A = Elapsed time spent in this place.
 B = Non-inter-level travel time spent in this place.
 C = Inter-level travel time spent in this place.
 D = Time resting spent in this place.
 E = Time spent auto-exploring this place.
 F = Levels seen in this place.
 G = Mean time per level.
                   A        B        C        D        E       F      G
               +--------+--------+--------+--------+--------+-----+--------+
         Total |   2142 |   2067 |     75 |    585 |   1258 |   2 | 1071.0 |
       Dungeon |   2142 |   2067 |     75 |    585 |   1258 |   2 | 1071.0 |
               +--------+--------+--------+--------+--------+-----+--------+

Top non-repeatable levels by time:
     D:1: 1631 daAuts
     D:2: 511 daAuts
